 Dungeon Crawl Stone Soup version 0.26.0-16-gc1dbca0489 (webtiles) character file.

Game seed: 7849254612360633590

155 lessens the Poker (level 5, -6/37 HPs)
             Began as a Merfolk Earth Elementalist on Jan 20, 2021.
             Mangled by an orc
             ... wielding a +0 mace
              (8 damage)
             ... on level 3 of the Dungeon.
             The game lasted 00:06:18 (4487 turns).

lessens the Poker (Merfolk Earth Elementalist)      Turns: 4487, Time: 00:06:19

Health: -6/37      AC:  2    Str:  9    XL:     5   Next: 37%
Magic:  8/8        EV: 14    Int: 14    God:
Gold:   247        SH:  0    Dex: 15    Spells: 5/8 levels left

rFire    . . .     SeeInvis .   n - +0 halberd
rCold    . . .     Faith    .   (shield currently unavailable)
rNeg     . . .     Spirit   .   c - +0 robe
rPois    .         Reflect  .   (no helmet)
rElec    .         Harm     .   (no cloak)
rCorr    .         Rampage  .   (no gloves)
Will     .....                  (no boots)
Stlth    ++........             (no amulet)
HPRegen  0.12/turn              m - ring of wizardry
MPRegen  0.11/turn              (no ring)

@: no status effects
A: change form in water, swift swim, stealthy swim
a: no special abilities


You were on level 3 of the Dungeon.
You visited 1 branch of the dungeon, and saw 4 of its levels.

You collected 247 gold pieces.

Inventory:

Hand Weapons
 a - a +0 dagger
 h - a +0 spear
 n - a +0 halberd (weapon)
Missiles
 b - 54 stones
 f - 13 poisoned darts (quivered)
 g - 7 javelins
 o - 3 curare-tipped darts
Armour
 c - a +0 robe (worn)
Jewellery
 m - a ring of wizardry (left hand)
Scrolls
 e - 2 scrolls of enchant weapon {unknown}
 j - 2 scrolls of identify {unknown}
 k - a scroll of blinking {unknown}
 l - a scroll of teleportation {unknown}
 p - a scroll of fog {unknown}
Potions
 d - a potion of flight {unknown}
 i - a potion of attraction {unknown}
 q - a potion of heal wounds


   Skills:
 - Level 1.6 Fighting
 + Level 5.4 Polearms
 - Level 3.5 Dodging
 - Level 2.1 Stealth
 - Level 2.0 Spellcasting
 - Level 2.6 Transmutations
 - Level 2.4 Earth Magic


You had 5 spell levels left.
You knew the following spells:

 Your Spells              Type           Power        Failure   Level
a - Sandblast             Erth           16%          3%          1
b - Passwall              Tmut/Erth      6%           5%          2

Your spell library contained the following spells:

 Spells                   Type           Power        Failure   Level
 Beastly Appendage        Tmut           16%          3%          1
 Wereblood                Tmut           8%           4%          2
 Magic Dart               Conj           4%           10%         1
 Blink                    Tloc           N/A          14%         2
 Call Imp                 Summ           1%           14%         2
 Slow                     Hex            1%           14%         2
 Spider Form              Tmut/Pois      2%           16%         3
 Stone Arrow              Conj/Erth      8%           17%         3
 Conjure Flame            Conj/Fire      1%           26%         3
 Mephitic Cloud           Conj/Pois/Air  1%           26%         3
 Petrify                  Tmut/Erth      8%           32%         4
 Ice Form                 Ice/Tmut       5%           45%         4
 Blade Hands              Tmut           4%           63%         5
 Lee's Rapid Deconstruct  Erth           4%           65%         5


Dungeon Overview and Level Annotations

Branches:
Dungeon (4/15)
 Temple: D:4-7

Altars:
Gozag


Message History

The orc barely misses you. The orc priest hits you.
You hit the orc priest.
You kill the orc priest!
The orc closely misses you.
Your Polearms skill increases to level 5!
You barely miss the orc.
The orc is heavily wounded.
The orc closely misses you.
You barely miss the orc.
The orc is heavily wounded.
The orc hits you with a +0 mace.
* * * LOW HITPOINT WARNING * * *
You closely miss the orc.
The orc is heavily wounded.
The orc hits you with a +0 mace!
* * * LOW HITPOINT WARNING * * *
You barely miss the orc.
The orc is heavily wounded.
The orc hits you with a +0 mace!
You die...

#.# #.# #.## #.# ## #.#
#.# #.# . #.# ###.##
###.### ####. #.# #.....
..... .... #.# #.####
####.#######.######.# #.#
#. #....>..............#
#.# #.
#####.##.##..###.#.....##
#.# #.
....)>.#.##....$@o.....#
#.###.
#####..#.##...##.#.....#
#..†..
.....>.#.##...##.##....#
######
######.#.##...##.##....#
#. )........##.##....# #.
..#......##.##....# #.
.#####.###.##....# ###'
.. #......'....# #...
.#.####....##....# #...


You could see an orc.

Vanquished Creatures
  An orc priest (D:3)
  5 adders
  4 gnolls (D:2)
  A dart slug (D:2)
  2 leopard geckos
  2 orcs (D:3)
  8 bats
  A giant cockroach (D:2)
  10 goblins
  4 hobgoblins
  2 frilled lizards
  A kobold (D:2)
  A rat (D:1)
42 creatures vanquished.

Notes
Turn   | Place    | Note
-------+----------+-------------------------------------------
     0 | D:1      | lessens the Merfolk Earth Elementalist began the quest for
                  | the Orb.
     0 | D:1      | Reached XP level 1. HP: 13/13 MP: 3/3
   260 | D:1      | Reached XP level 2. HP: 20/20 MP: 3/5
   568 | D:1      | Reached skill level 1 in Fighting
  1233 | D:2      | Reached XP level 3. HP: 26/26 MP: 3/6
  1493 | D:2      | Reached skill level 1 in Polearms
  2212 | D:2      | Reached skill level 2 in Polearms
  2212 | D:2      | Reached XP level 4. HP: 28/32 MP: 2/7
  2214 | D:2      | Reached skill level 3 in Polearms
  2280 | D:1      | Learned a level 2 spell: Passwall
  3258 | D:2      | Reached skill level 4 in Polearms
  3465 | D:2      | You fall into a shaft and drop 2 floors!
  3529 | D:3      | Found an opulent altar of Gozag.
  3607 | D:2      | Reached XP level 5. HP: 23/37 MP: 8/8
  4484 | D:3      | Reached skill level 5 in Polearms
  4487 | D:3      | Mangled by an orc

Illustrated notes

Levels and vault maps discovered:
D:1:      dpeg_arrival_water_fire, layout_basic, minmay_liquid_box
D:2:      layout_basic, grunt_ministairs_1
D:3:      layout_basic, grunt_gozag_statues
D:4:      layout_cave_pools, minitemple, serial_shops, shop_fountains

Skill      XL: |  1  2  3  4  5 |
---------------+----------------+-----
Dodging        | 3 |  3.5
Transmutations | 2 |  2.6
Fighting       | 1 |  1.6
Polearms       | 2 4 5 |  5.4
Stealth        | |  2.1
Spellcasting   | |  2.0
Earth Magic    | |  2.4

Action                   |  1- 3 |  4- 6 || total
-------------------------+-------+-------++-------
Melee: Dagger            |    45 |       ||    45
       Spear             |    10 |    18 ||    28
       Halberd           |       |    52 ||    52
Throw: Dart              |    14 |     9 ||    23
       Javelin           |     6 |       ||     6
 Cast: Sandblast         |    21 |     4 ||    25
 Stab: Sleeping          |     3 |     5 ||     8
Armor: Robe              |    14 |     5 ||    19
Dodge: Dodged            |    48 |    41 ||    89
